[Event "SVK ECo-C Extraliga 2018-19"]
[Site "Slovakia"]
[Date "2019.02.16"]
[Round "5.8"]
[White "Petran, Peter"]
[Black "Motycakova, Monika"]
[Result "1-0"]
[ECO "A09"]
[WhiteElo "2236"]
[BlackElo "2156"]
[Annotator "NA"]
[PlyCount "129"]
[EventDate "2018.11.10"]
[EventType "team-tourn"]
[EventCountry "SVK"]
[SourceTitle "playchess.com"]
[Source "ChessBase"]
[SourceQuality "1"]
[WhiteTeam "Slovan"]
[BlackTeam "Liptovska"]
[TimeControl "40/5400+30:1800+30"]

1. Nf3 d5 2. c4 d4 3. e3 c5 4. exd4 cxd4 5. b4 g6 6. d3 Bg7 7. Nbd2 b6 8. g3 Bb7 9. Bg2 e5 10. O-O Ne7 11. Re1 Nd7 12. Ne4 Qc7 13. a4 O-O 14. Ba3 Rfe8 15. c5 Bxe4 16. Rxe4 bxc5 17. Rc1 Rab8 18. Re1 Nc6 19. bxc5 Nf6 20. Ng5 h6 21. Ne4 Nxe4 22. Bxe4 Rec8 23. Qc2 Qd7 24. Rb1 Kh7 25. Qc4 Na5 26. Qc2 Nc6 27. Rb5 a6 28. Rb3 Rxb3 29. Qxb3 Rc7 30. Rb1 Bf8 31. Qc2 Qc8 32. Qa2 Nd8 33. c6 Bxa3 34. Qxa3 Nxc6 35. Qd6 Qd8 36. Qc5 Ne7 37. Qxe5 Ng8 38. h4 Nf6 39. Bf3 h5 40. Kg2 Kg7 41. Rb6 Ra7 42. Rd6 Qe7 43. Qxe7 Rxe7 44. Rxa6 Rd7 45. Rc6 Ng4 46. Bxg4 hxg4 47. Kf1 Kf8 48. Ke2 Ke7 49. Kd2 Rd5 50. Rc4 Rf5 51. Ke1 Rd5 52. Kd1 Ke6 53. Kc1 Ke7 54. Kb2 Rf5 55. Rc2 Rf3 56. Rd2 Kd6 57. Kb3 Kc5 58. a5 Kb5 59. a6 Kxa6 60. Kc4 Kb6 61. Kxd4 Kc6 62. Ra2 Rf5 63. Ke3 Kd6 64. Ra4 Rf3+ 65. Ke2 1-0

[Event "SVK ECo-C Extraliga 2018-19"]
[Site "Slovakia"]
[Date "2019.02.16"]
[Round "5.8"]
[White "Federic, Jozef"]
[Black "Maslikova, Veronika"]
[Result "1-0"]
[ECO "A48"]
[WhiteElo "2218"]
[BlackElo "2229"]
[Annotator "NA"]
[PlyCount "59"]
[EventDate "2018.11.10"]
[EventType "team-tourn"]
[EventCountry "SVK"]
[SourceTitle "playchess.com"]
[Source "ChessBase"]
[SourceQuality "1"]
[WhiteTeam "Modra"]
[BlackTeam "Podhajska"]
[TimeControl "40/5400+30:1800+30"]

1. d4 Nf6 2. Nf3 g6 3. Nbd2 d5 4. c4 c6 5. e3 Bg7 6. Bd3 O-O 7. O-O Nbd7 8. h3 Qc7 9. Qc2 Qb8 10. b3 a5 11. Bb2 b6 12. Rfe1 Bb7 13. Rad1 c5 14. e4 dxe4 15. Nxe4 cxd4 16. Nxd4 Ne5 17. Nxf6+ Bxf6 18. Be4 Rc8 19. Nb5 Nc6 20. Bxf6 exf6 21. Qb2 Re8 22. Qxf6 Re6 23. Qc3 Nb4 24. Bxb7 Rxe1+ 25. Rxe1 Qxb7 26. Qf6 Qd7 27. Nd6 Rf8 28. Re7 Qd8 29. Nxf7 Qxe7 30. Nh6# 1-0

[Event "SVK ECo-C Extraliga 2018-19"]
[Site "Slovakia"]
[Date "2019.02.17"]
[Round "6"]
[White "Maslik, Miroslav"]
[Black "Kukel, Imre"]
[Result "1-0"]
[ECO "A57"]
[WhiteElo "2361"]
[BlackElo "2292"]
[Annotator "NA"]
[PlyCount "69"]
[EventDate "2018.11.10"]
[EventType "team-tourn"]
[EventCountry "SVK"]
[SourceTitle "playchess.com"]
[Source "ChessBase"]
[SourceQuality "1"]
[WhiteTeam "Modra"]
[BlackTeam "Komarno"]
[TimeControl "40/5400+30:1800+30"]

1. d4 Nf6 2. c4 c5 3. d5 b5 4. cxb5 a6 5. b6 e6 6. Nc3 Nxd5 7. Nxd5 exd5 8. Qxd5 Nc6 9. e4 Bb7 10. Bc4 Qe7 11. Bg5 f6 12. Bd2 Na5 13. Bxa5 Bxd5 14. Bxd5 Rb8 15. Nf3 Qd8 16. Nd2 Bd6 17. Nc4 Qe7 18. O-O-O Kf8 19. g3 Be5 20. f4 Bd4 21. e5 g6 22. b7 fxe5 23. Bc7 Kg7 24. Bd6 Qf6 25. Rxd4 Qxd6 26. Nxd6 exd4 27. Re1 Kf6 28. g4 h6 29. g5+ hxg5 30. fxg5+ Kxg5 31. Nf7+ Kf6 32. Nxh8 Rxh8 33. Kd2 Rxh2+ 34. Kd3 Rxb2 35. Bb3 1-0

[Event "SVK ECo-C Extraliga 2018-19"]
[Site "Slovakia"]
[Date "2019.02.17"]
[Round "6"]
[White "Vojtek, Vladimir"]
[Black "Druska, Juraj"]
[Result "0-1"]
[ECO "B21"]
[WhiteElo "2313"]
[BlackElo "2443"]
[Annotator "NA"]
[PlyCount "80"]
[EventDate "2018.11.10"]
[EventType "team-tourn"]
[EventCountry "SVK"]
[SourceTitle "playchess.com"]
[Source "ChessBase"]
[SourceQuality "1"]
[WhiteTeam "Dubnica"]
[BlackTeam "Prakovce"]
[TimeControl "40/5400+30:1800+30"]

1. e4 c5 2. f4 g6 3. Nf3 Bg7 4. c3 d6 5. Bb5+ Bd7 6. Bxd7+ Qxd7 7. d4 Nf6 8. e5 Nd5 9. dxc5 dxc5 10. O-O O-O 11. Qe2 Rd8 12. Na3 Nc6 13. Bd2 Qe6 14. Ng5 Qc8 15. e6 f6 16. Nf7 Rf8 17. f5 gxf5 18. Nh6+ Kh8 19. Nxf5 Rg8 20. Rf3 Qe8 21. Rh3 Rd8 22. Rf1 Ne5 23. Qe4 Bf8 24. Qh4 Qg6 25. Rg3 Qe8 26. Rh3 Qg6 27. Rg3 Qe8 28. Nc2 Rxg3 29. Qxg3 Qg6 30. Qf2 Nc7 31. Be3 Nxe6 32. h3 b6 33. Qe2 Ng5 34. Bxg5 Qxg5 35. Nfe3 Qg6 36. Qa6 Qe4 37. Qxa7 Bh6 38. Re1 Rg8 39. Re2 Nc4 40. Kf2 Bxe3+ 0-1

[Event "SVK ECo-C Extraliga 2018-19"]
[Site "Slovakia"]
[Date "2019.02.17"]
[Round "6"]
[White "Holtman, Teodor"]
[Black "Jurcik, Martin"]
[Result "0-1"]
[ECO "B24"]
[WhiteElo "2273"]
[BlackElo "2346"]
[Annotator "NA"]
[PlyCount "65"]
[EventDate "2018.11.10"]
[EventType "team-tourn"]
[EventCountry "SVK"]
[SourceTitle "playchess.com"]
[Source "ChessBase"]
[SourceQuality "1"]
[WhiteTeam "Snina"]
[BlackTeam "Dunajov"]
[TimeControl "40/5400+30:1800+30"]

1. e4 c5 2. Nc3 Nc6 3. Nf3 Nf6 4. d4 d5 5. Bb5 dxe4 6. Ne5 cxd4 7. Nxc6 bxc6 8. Bxc6+ Bd7 9. Bxa8 dxc3 10. Bd5 cxb2 11. Bxf7+ Kxf7 12. Bxb2 Qa5+ 13. Qd2 Qxd2+ 14. Kxd2 g6 15. Bd4 Bh6+ 16. Be3 Bxe3+ 17. Kxe3 Rc8 18. Kd2 e3+ 19. Kxe3 Rxc2 20. Rhc1 Ng4+ 21. Kd4 Rd2+ 22. Kc3 Rxf2 23. Rf1 Rf5 24. Kd4 Kf6 25. h3 e5+ 26. Kc5 Ne3 27. Rxf5+ gxf5 28. Kd6 Bb5 29. g3 f4 30. gxf4 exf4 31. Re1 Kf5 32. Kc5 a6 33. Kd4 {Ke5+} 0-1

[Event "SVK ECo-C Extraliga 2018-19"]
[Site "Slovakia"]
[Date "2019.02.17"]
[Round "6"]
[White "Janko, Zoltan"]
[Black "Stohl, Igor"]
[Result "0-1"]
[ECO "B96"]
[WhiteElo "2261"]
[BlackElo "2488"]
[Annotator "RC"]
[PlyCount "50"]
[EventDate "2018.11.10"]
[EventType "team-tourn"]
[EventCountry "SVK"]
[SourceTitle "playchess.com"]
[Source "ChessBase"]
[SourceQuality "1"]
[WhiteTeam "Komarno"]
[BlackTeam "Modra"]
[TimeControl "40/5400+30:1800+30"]

1. e4 c5 2. Nf3 d6 3. d4 cxd4 4. Nxd4 Nf6 5. Nc3 a6 6. Bg5 e6 7. f4 h6 8. Bh4 Qb6 9. Qd2 Qxb2 10. Rb1 Qa3 11. Bxf6 gxf6 12. f5 Nc6 13. fxe6 fxe6 14. Be2 Nxd4 15. Qxd4 Bg7 16. Bh5+ Ke7 17. Nd5+ exd5 18. Qxd5 Qc3+ 19. Kd1 Qc7 20. e5 dxe5 21. Kc1 Rf8 22. Rd1 f5 23. Rb3 e4 24. Rg3 Be5 25. Rg8 Be6 0-1

[Event "SVK ECo-C Extraliga 2018-19"]
[Site "Slovakia"]
[Date "2019.02.17"]
[Round "6"]
[White "Banas, Kamil"]
[Black "Szilard, Ladislav"]
[Result "1-0"]
[ECO "C11"]
[WhiteElo "2248"]
[BlackElo "2120"]
[Annotator "NA"]
[PlyCount "79"]
[EventDate "2018.11.10"]
[EventType "team-tourn"]
[EventCountry "SVK"]
[SourceTitle "playchess.com"]
[Source "ChessBase"]
[SourceQuality "1"]
[WhiteTeam "Modra"]
[BlackTeam "Komarno"]
[TimeControl "40/5400+30:1800+30"]

1. e4 e6 2. d4 d5 3. Nc3 Nf6 4. e5 Nfd7 5. f4 c5 6. Nf3 Nc6 7. Be3 a6 8. Qd2 Be7 9. Be2 b5 10. dxc5 Bxc5 11. O-O Qb6 12. Bf2 Bb7 13. a3 h6 14. b4 Bxf2+ 15. Rxf2 Rc8 16. Re1 g6 17. Bd3 Ne7 18. Nd1 Qc7 19. Kh1 Nb6 20. Qc1 Nc4 21. Qa1 Qb6 22. Rfe2 Rg8 23. Nf2 h5 24. Nh3 Nf5 25. Nhg5 Rh8 26. Bxf5 gxf5 27. Nd4 Ke7 28. Nxf5+ exf5 29. Nxf7 Rhg8 30. Nd6 Ke6 31. Qc3 Rg4 32. Nxf5 Kxf5 33. Qd3+ Ke6 34. Qh7 Rf8 35. Qh6+ Ke7 36. e6 Rgxf4 37. Qh7+ Kf6 38. Qh6+ Ke7 39. Qg7+ Ke8 40. Qd7# {Rh8} 1-0

[Event "SVK ECo-C Extraliga 2018-19"]
[Site "Slovakia"]
[Date "2019.02.17"]
[Round "6"]
[White "Voros, Gellert"]
[Black "Schwarz, Dusan"]
[Result "0-1"]
[ECO "C26"]
[WhiteElo "2154"]
[BlackElo "2330"]
[Annotator "NA RC"]
[PlyCount "108"]
[EventDate "2018.11.10"]
[EventType "team-tourn"]
[EventCountry "SVK"]
[SourceTitle "playchess.com"]
[Source "ChessBase"]
[SourceQuality "1"]
[WhiteTeam "Komarno"]
[BlackTeam "Modra"]
[TimeControl "40/5400+30:1800+30"]

1. e4 e5 2. Nc3 Nf6 3. Bc4 Bc5 4. d3 d6 5. Bg5 c6 6. Qd2 Nbd7 7. Na4 b5 8. Nxc5 Nxc5 9. Bb3 h6 10. Be3 a5 11. Bxc5 dxc5 12. c3 a4 13. Bc2 a3 14. b4 cxb4 15. Nf3 Qd6 16. cxb4 Bg4 17. O-O Bxf3 18. gxf3 Nh5 19. Kh1 Nf4 20. d4 Qxd4 21. Qxd4 exd4 22. Rac1 Ke7 23. Bb3 Rac8 24. Rfd1 Rhd8 25. h4 g5 26. Rc5 f6 27. Kh2 d3 28. Kg3 Ne2+ 29. Kg4 d2 30. hxg5 hxg5 31. e5 Nd4 32. exf6+ Kxf6 33. Rxd2 Nxb3 34. Rf5+ Ke6 35. Re2+ Kd6 36. axb3 Ra8 37. Ra2 Kc7 38. Rf7+ Kb6 39. Re7 Rd4+ 40. Re4 Rd3 41. Re3 Rd1 42. Kxg5 Rb1 43. Rc3 Rb2 44. Ra1 a2 45. Rcc1 Rxf2 46. f4 Rf8 47. Rg1 c5 48. Rg4 c4 49. bxc4 bxc4 50. Kh4 Kb5 51. Kg3 Rb2 52. Rg7 Ra8 53. Rg5+ Kxb4 54. Rg7 Ra3+ 0-1

[Event "SVK ECo-C Extraliga 2018-19"]
[Site "Slovakia"]
[Date "2019.02.17"]
[Round "6"]
[White "Joba, Arpad"]
[Black "Federic, Jozef"]
[Result "1/2-1/2"]
[ECO "B40"]
[WhiteElo "2009"]
[BlackElo "2207"]
[Annotator "NA"]
[PlyCount "100"]
[EventDate "2018.11.10"]
[EventType "team-tourn"]
[EventCountry "SVK"]
[SourceTitle "playchess.com"]
[Source "ChessBase"]
[SourceQuality "1"]
[WhiteTeam "Komarno"]
[BlackTeam "Modra"]
[TimeControl "40/5400+30:1800+30"]

1. e4 c5 2. Nf3 e6 3. c3 Nf6 4. e5 Nd5 5. d4 cxd4 6. cxd4 b6 7. Nc3 Nxc3 8. bxc3 Qc7 9. Bd2 Be7 10. Bd3 Ba6 11. Bxa6 Nxa6 12. Qe2 Qb7 13. O-O O-O 14. a4 Rac8 15. Rfc1 d6 16. a5 Nb8 17. axb6 axb6 18. Qb5 Nd7 19. Qb4 Qc7 20. Ra4 Rfe8 21. exd6 Bxd6 22. Qb3 Qc6 23. Rb1 Ra8 24. Raa1 Rec8 25. Rxa8 Rxa8 26. c4 Rc8 27. Rc1 Nf6 28. h3 Qc7 29. Bb4 Bxb4 30. Qxb4 h6 31. Ne5 Qd8 32. Qb2 Qd6 33. Rb1 Nd7 34. Qb5 Nxe5 35. dxe5 Qd4 36. Qxb6 Qxb6 37. Rxb6 Rxc4 38. Rb8+ Kh7 39. Rb2 Re4 40. Rb5 Kg6 41. f3 Rd4 42. Kf2 Rd2+ 43. Kg3 h5 44. h4 Rd4 45. Rb7 Rd2 46. Ra7 Re2 47. f4 Re3+ 48. Kf2 Rb3 49. Re7 Ra3 50. g3 Rb3 1/2-1/2

[Event "SVK ECo-C Extraliga 2018-19"]
[Site "Slovakia"]
[Date "2019.02.17"]
[Round "6.4"]
[White "Haring, Filip"]
[Black "Bokros, Albert"]
[Result "0-1"]
[ECO "B41"]
[WhiteElo "2286"]
[BlackElo "2454"]
[Annotator "RC"]
[PlyCount "134"]
[EventDate "2018.11.10"]
[EventType "team-tourn"]
[EventCountry "SVK"]
[SourceTitle "playchess.com"]
[Source "ChessBase"]
[SourceQuality "1"]
[WhiteTeam "Liptovska"]
[BlackTeam "Streda"]
[TimeControl "40/5400+30:1800+30"]

1. e4 c5 2. Nf3 e6 3. d4 cxd4 4. Nxd4 a6 5. c4 Qc7 6. Nc3 Nf6 7. Be2 b6 8. O-O Bb7 9. f3 Bd6 10. Kh1 Be7 11. Be3 O-O 12. Rc1 d6 13. Qe1 Nbd7 14. Qg3 Rfe8 15. Rfd1 Bf8 16. b4 Rac8 17. Qf2 Qb8 18. a3 Be7 19. Nb3 Bd8 20. Na4 Ba8 21. Nd4 Bc7 22. Qg1 Rcd8 23. Rc2 h6 24. Rdc1 Ne5 25. Nb3 Nfd7 26. Bf2 Ng6 27. Be3 Rc8 28. Nd4 Nde5 29. Nb3 Nd7 30. Nd4 Bd8 31. Qf2 Bh4 32. Qf1 Bg5 33. f4 Nxf4 34. Bxf4 Bxf4 35. Qxf4 e5 36. Qf5 exd4 37. Qxd7 Bc6 38. Qf5 Bxe4 39. Qf1 Bxc2 40. Rxc2 Re3 41. Nb2 Rce8 42. Nd3 Qd8 43. h3 Qh4 44. Rd2 R8e6 45. Qf5 g6 46. Qg4 Qf6 47. Bf3 h5 48. Qf4 Qg7 49. Nf2 Qe5 50. Rxd4 Rxa3 51. Qxe5 dxe5 52. Rd8+ Kg7 53. c5 bxc5 54. bxc5 f5 55. c6 Rc3 56. Rd7+ Kf6 57. Bd5 Re7 58. Rd6+ Kg5 59. h4+ Kf4 60. Rxg6 e4 61. Nh3+ Ke5 62. Bg8 a5 63. Ng5 a4 64. Nf7+ Kf4 65. Nd8 e3 66. Ne6+ Ke5 67. Ng5 e2 0-1

[Event "SVK ECo-C Extraliga 2018-19"]
[Site "Slovakia"]
[Date "2019.02.17"]
[Round "6.7"]
[White "Spacek, Oliver"]
[Black "Horvath, Mario"]
[Result "1-0"]
[ECO "D11"]
[WhiteElo "2184"]
[BlackElo "2198"]
[Annotator "NA"]
[PlyCount "77"]
[EventDate "2018.11.10"]
[EventType "team-tourn"]
[EventCountry "SVK"]
[SourceTitle "playchess.com"]
[Source "ChessBase"]
[SourceQuality "1"]
[WhiteTeam "Osuske"]
[BlackTeam "Podhajska"]
[TimeControl "40/5400+30:1800+30"]

1. d4 d5 2. c4 c6 3. Nf3 Nf6 4. e3 a6 5. Nbd2 Bf5 6. Qb3 Qc7 7. Nh4 Bg6 8. Nxg6 hxg6 9. g3 Nbd7 10. Bg2 e6 11. O-O b5 12. cxd5 cxd5 13. e4 Nb6 14. e5 Nfd7 15. Nf3 Qc4 16. Qe3 Be7 17. Qf4 Qc2 18. g4 f5 19. exf6 gxf6 20. Re1 g5 21. Qe3 Nf8 22. b3 Qc7 23. Qe2 Qd6 24. h3 Bd8 25. a4 b4 26. Bd2 Nc8 27. Rac1 Ne7 28. Rc5 Bb6 29. Bxb4 Bxc5 30. dxc5 Qb8 31. Bc3 e5 32. Nxe5 Qxb3 33. Nc6 Rh7 34. Bxf6 Kd7 35. Nxe7 Re8 36. Bxd5 Qxh3 37. Be6+ Kc7 38. Qe5+ Kb7 39. Bd5+ 1-0

[Event "SVK ECo-C Extraliga 2018-19"]
[Site "Slovakia"]
[Date "2019.02.17"]
[Round "6.8"]
[White "Motycakova, Monika"]
[Black "Csonka, Attila Istvan"]
[Result "0-1"]
[ECO "B41"]
[WhiteElo "2156"]
[BlackElo "2352"]
[Annotator "NA"]
[PlyCount "110"]
[EventDate "2018.11.10"]
[EventType "team-tourn"]
[EventCountry "SVK"]
[SourceTitle "playchess.com"]
[Source "ChessBase"]
[SourceQuality "1"]
[WhiteTeam "Liptovska"]
[BlackTeam "Streda"]
[TimeControl "40/5400+30:1800+30"]

1. e4 c5 2. Nf3 e6 3. d4 cxd4 4. Nxd4 a6 5. Be2 Nf6 6. Nc3 Qc7 7. O-O Bb4 8. Qd3 Nc6 9. Nxc6 bxc6 10. Be3 d5 11. exd5 cxd5 12. Bd4 Be7 13. f4 O-O 14. Kh1 Bb7 15. Rf3 Ne4 16. Raf1 f5 17. Rh3 Bf6 18. Bd1 Rac8 19. Ne2 Bc6 20. Bxf6 Rxf6 21. Nd4 Bb5 22. Nxb5 axb5 23. Qxb5 Rb8 24. Qa4 Qc5 25. Rhf3 Rf7 26. b4 Qxb4 27. Qxb4 Rxb4 28. Ra3 Rc7 29. g3 Rd4 30. Rd3 Ra4 31. c4 Rxa2 32. cxd5 Nf2+ 33. Rxf2 Rxf2 34. dxe6 Kf8 35. Kg1 Rb2 36. Re3 Ke7 37. Rb3 Rd2 38. Rb1 Kxe6 39. Bf3 Rc3 40. Rf1 h6 41. h4 g6 42. Rf2 Rcc2 43. Rxd2 Rxd2 44. Bb7 Kd6 45. Ba8 Kc5 46. Bb7 Kd4 47. Ba8 Ke3 48. Bc6 Rd6 49. Bb7 g5 50. hxg5 hxg5 51. fxg5 Rg6 52. Kg2 Rxg5 53. Bf3 f4 54. g4 Rb5 55. Bc6 Rb2+ 0-1

[Event "SVK ECo-C Extraliga 2018-19"]
[Site "Slovakia"]
[Date "2019.02.17"]
[Round "6.8"]
[White "Szucs, Vladimir"]
[Black "Lintner, Igor"]
[Result "1/2-1/2"]
[ECO "E00"]
[WhiteElo "2155"]
[BlackElo "2165"]
[Annotator "NA"]
[PlyCount "37"]
[EventDate "2018.11.10"]
[EventType "team-tourn"]
[EventCountry "SVK"]
[SourceTitle "playchess.com"]
[Source "ChessBase"]
[SourceQuality "1"]
[WhiteTeam "Podhajska"]
[BlackTeam "Osuske"]
[TimeControl "40/5400+30:1800+30"]

1. d4 e6 2. c4 Bb4+ 3. Bd2 a5 4. Nf3 Nc6 5. Nc3 d6 6. a3 Bxc3 7. Bxc3 d5 8. e3 Nf6 9. Bd3 O-O 10. O-O b6 11. Rc1 Bb7 12. Qc2 dxc4 13. Bxc4 Ne7 14. Ne5 Qd6 15. Be2 Rfc8 16. Bf3 Bxf3 17. Nxf3 Qd5 18. Qe2 Ne4 19. Nd2 1/2-1/2

[Event "SVK ECo-C Extraliga 2018-19"]
[Site "Slovakia"]
[Date "2019.03.09"]
[Round "7.1"]
[White "Cvek, Robert"]
[Black "Leniart, Arkadiusz"]
[Result "1-0"]
[ECO "D94"]
[WhiteElo "2512"]
[BlackElo "2498"]
[Annotator "ChessBase"]
[PlyCount "117"]
[EventDate "2018.11.10"]
[EventType "team-tourn"]
[EventCountry "SVK"]
[SourceTitle "playchess.com"]
[Source "ChessBase"]
[SourceQuality "1"]
[WhiteTeam "Osuske"]
[BlackTeam "Prakovce"]
[TimeControl "40/5400+30:1800+30"]

1. Nf3 d5 2. e3 Nf6 3. c4 c6 4. Nc3 g6 5. d4 Bg7 6. Be2 O-O 7. O-O Bg4 8. Qb3 Qb6 9. cxd5 Qxb3 10. axb3 Nxd5 11. Nxd5 cxd5 12. h3 Bxf3 13. Bxf3 Rd8 14. b4 e5 15. b5 e4 16. Bd1 Nd7 17. Bb3 Nf6 18. Bd2 b6 19. Rfc1 Rd7 20. Rc6 Rad8 21. Rac1 Ne8 22. Rc8 Bf8 23. Be1 Kg7 24. R8c6 Be7 25. Kf1 Rb7 26. Ke2 Rbd7 27. Rc8 f5 28. Rxd8 Rxd8 29. f3 exf3+ 30. gxf3 Rd7 31. Rc8 Nc7 32. Bg3 Ne6 33. Rc6 Kf7 34. Kd3 f4 35. Bxf4 Nxf4+ 36. exf4 Bd8 37. Kc3 Ke7 38. f5 Rd6 39. fxg6 hxg6 40. Rc8 g5 41. Kd3 Ke6 42. Ke3 Rd7 43. Bc2 Bc7 44. Bg6 Bf4+ 45. Kd3 Rc7 46. Rd8 Rc4 47. Bh5 Rb4 48. Bg4+ Ke7 49. Rxd5 Rxb2 50. Ke4 Bd2 51. Kf5 Rb4 52. Kg6 Ke8 53. Bd7+ Ke7 54. Bc6 Ke6 55. Rd8 Bc3 56. d5+ Ke5 57. d6 Rf4 58. d7 Rf6+ 59. Kh5 {[%emt 0:00:48] Kd5 [%emt 00:00:43]} 1-0

[Event "SVK ECo-C Extraliga 2018-19"]
[Site "Slovakia"]
[Date "2019.03.09"]
[Round "7.1"]
[White "Pechac, Jergus"]
[Black "Aczel, Gergely"]
[Result "0-1"]
[ECO "E10"]
[WhiteElo "2470"]
[BlackElo "2542"]
[Annotator "ChessBase"]
[PlyCount "82"]
[EventDate "2018.11.10"]
[EventType "team-tourn"]
[EventCountry "SVK"]
[SourceTitle "playchess.com"]
[Source "ChessBase"]
[SourceQuality "1"]
[WhiteTeam "Zilina"]
[BlackTeam "Podhajska"]
[TimeControl "40/5400+30:1800+30"]

1. d4 Nf6 2. c4 e6 3. Nf3 d5 4. g3 Nbd7 5. Nbd2 Be7 6. Bg2 O-O 7. O-O b6 8. b3 Bb7 9. Bb2 c5 10. cxd5 exd5 11. Nh4 Re8 12. Nf5 Bf8 13. Nc4 Qc7 14. Nce3 g6 15. Nh4 Rad8 16. Qd2 Ne4 17. Bxe4 Rxe4 18. dxc5 d4 19. Nc4 bxc5 20. f3 Re6 21. e4 Nb6 22. Na5 Ba6 23. Rfe1 c4 24. bxc4 Nxc4 25. Nxc4 Qxc4 26. Nf5 Qb4 27. Nh6+ Kg7 28. Qg5 f6 29. Qg4 Qxb2 30. Qxe6 Bc8 31. Qf7+ Kxh6 32. Rab1 Qa3 33. Qxf6 Be7 34. Qf4+ Bg5 35. Qf7 Rf8 36. Rb3 Be3+ 37. Kh1 Rxf7 38. Rxa3 Rxf3 39. Rxa7 Rf2 40. Ra3 Bh3 41. Rexe3 Rf1# 0-1

[Event "SVK ECo-C Extraliga 2018-19"]
[Site "Slovakia"]
[Date "2019.03.09"]
[Round "7.1"]
[White "Neuman, Petr"]
[Black "Sipos, Istvan"]
[Result "1/2-1/2"]
[ECO "A14"]
[WhiteElo "2401"]
[BlackElo "2492"]
[Annotator "RC"]
[PlyCount "41"]
[EventDate "2018.11.10"]
[EventType "team-tourn"]
[EventCountry "SVK"]
[SourceTitle "playchess.com"]
[Source "ChessBase"]
[SourceQuality "1"]
[WhiteTeam "Liptovska"]
[BlackTeam "Komarno"]
[TimeControl "40/5400+30:1800+30"]

1. c4 e6 2. g3 d5 3. Bg2 Nf6 4. Nf3 Be7 5. O-O O-O 6. d4 dxc4 7. Qc2 b6 8. Qxc4 Bb7 9. Nc3 c5 10. dxc5 Qc8 11. b3 Qxc5 12. Qxc5 Bxc5 13. Bb2 Nbd7 14. Rfd1 Rfd8 15. Ne5 Bxg2 16. Nxd7 Rxd7 17. Rxd7 Nxd7 18. Kxg2 Be7 19. Rc1 Rc8 20. Nb5 Rxc1 21. Bxc1 1/2-1/2

[Event "SVK ECo-C Extraliga 2018-19"]
[Site "Slovakia"]
[Date "2019.03.09"]
[Round "7.2"]
[White "Markos, Jan"]
[Black "Balogh, Csaba"]
[Result "1-0"]
[ECO "A07"]
[WhiteElo "2551"]
[BlackElo "2628"]
[Annotator "ChessBase"]
[PlyCount "80"]
[EventDate "2018.11.10"]
[EventType "team-tourn"]
[EventCountry "SVK"]
[SourceTitle "playchess.com"]
[Source "ChessBase"]
[SourceQuality "1"]
[WhiteTeam "Snina"]
[BlackTeam "Modra"]
[TimeControl "40/5400+30:1800+30"]

1. Nf3 d5 2. g3 c6 3. Bg2 Bg4 4. O-O Nf6 5. d4 e6 6. Nbd2 h6 7. b3 Be7 8. Bb2 O-O 9. Ne5 Bf5 10. f3 c5 11. e4 Bh7 12. dxc5 Bxc5+ 13. Kh1 Nc6 14. Nxc6 bxc6 15. Qe2 a5 16. a4 Re8 17. f4 Bb4 18. e5 Nd7 19. Nf3 Qb6 20. Nd4 Qa6 21. Rf2 Qxe2 22. Rxe2 Rac8 23. g4 c5 24. Nb5 c4 25. Nd6 Bxd6 26. exd6 Red8 27. f5 c3 28. Ba3 Nf6 29. Rae1 d4 30. Rd1 e5 31. Rxe5 Nxg4 32. Re2 Bxf5 33. Rxd4 Re8 34. Re7 Nf6 35. Bb7 Rcd8 36. Rc4 Bh3 37. Kg1 Ng4 38. Rxe8+ Rxe8 39. Rc8 Nf6 40. Rxe8+ Nxe8 1-0

[Event "SVK ECo-C Extraliga 2018-19"]
[Site "Slovakia"]
[Date "2019.03.09"]
[Round "7.2"]
[White "Vajda, Levente"]
[Black "Roubalik, Jakub"]
[Result "1/2-1/2"]
[ECO "A06"]
[WhiteElo "2551"]
[BlackElo "2410"]
[Annotator "ChessBase"]
[PlyCount "93"]
[EventDate "2018.11.10"]
[EventType "team-tourn"]
[EventCountry "SVK"]
[SourceTitle "playchess.com"]
[Source "ChessBase"]
[SourceQuality "1"]
[WhiteTeam "Streda"]
[BlackTeam "Dubnica"]
[TimeControl "40/5400+30:1800+30"]

1. Nf3 d5 2. g3 Nf6 3. Bg2 e6 4. O-O Be7 5. c4 O-O 6. d4 dxc4 7. Qc2 a6 8. a4 Nc6 9. Rd1 Nb4 10. Qxc4 b5 11. Qb3 Bb7 12. Nc3 h6 13. Ne5 Bxg2 14. Kxg2 Qc8 15. f3 Qb7 16. Be3 Nbd5 17. Bf2 Nxc3 18. Qxc3 Nd5 19. Qc6 Rfb8 20. a5 Nb4 21. Qxb7 Rxb7 22. Rdc1 f6 23. Nc6 Nxc6 24. Rxc6 Kf7 25. g4 Bd6 26. Bg3 e5 27. d5 b4 28. b3 Rb5 29. e4 Ke7 30. Kf1 Kd7 31. h4 g6 32. h5 gxh5 33. gxh5 Kc8 34. Bf2 Kb7 35. Be3 f5 36. Rc2 Rf8 37. Kg2 Rg8+ 38. Kh3 f4 39. Bf2 Rg5 40. Bh4 Rg7 41. Rc6 Rg8 42. Kh2 Rg7 43. Ra4 Rg8 44. Rc4 Kc8 45. Rc2 Rg7 46. Rc6 Kb7 47. Rc2 1/2-1/2

[Event "SVK ECo-C Extraliga 2018-19"]
[Site "Slovakia"]
[Date "2019.03.09"]
[Round "7.2"]
[White "Gazik, Viktor"]
[Black "Petrik, Tomas"]
[Result "0-1"]
[ECO "A00"]
[WhiteElo "2513"]
[BlackElo "2466"]
[Annotator "ChessBase"]
[PlyCount "61"]
[EventDate "2018.11.10"]
[EventType "team-tourn"]
[EventCountry "SVK"]
[SourceTitle "playchess.com"]
[Source "ChessBase"]
[SourceQuality "1"]
[WhiteTeam "Podhajska"]
[BlackTeam "Zilina"]
[TimeControl "40/5400+30:1800+30"]

1. g3 d5 2. Bg2 c6 3. Nf3 Bg4 4. c4 e6 5. O-O Nf6 6. cxd5 Bxf3 7. Bxf3 cxd5 8. a3 Nc6 9. Nc3 Bc5 10. e3 O-O 11. Bg2 Rc8 12. b4 Be7 13. Bb2 Ne8 14. Qb3 Nd6 15. d3 Bf6 16. Rac1 a6 17. Na4 Bxb2 18. Qxb2 Na7 19. Rxc8 Qxc8 20. Rc1 Qd7 21. Nc5 Qe7 22. a4 Rc8 23. h4 h6 24. Kh2 Ne8 25. Bh3 a5 26. Rb1 Nc6 27. b5 Nb4 28. d4 b6 29. Na6 Rc2 30. Qa3 Qf6 31. Bg2 0-1

[Event "SVK ECo-C Extraliga 2018-19"]
[Site "Slovakia"]
[Date "2019.03.09"]
[Round "7.2"]
[White "Jakab, Bela"]
[Black "Hrabusa, Matej"]
[Result "0-1"]
[ECO "C16"]
[WhiteElo "2320"]
[BlackElo "2405"]
[Annotator "NA"]
[PlyCount "102"]
[EventDate "2018.11.10"]
[EventType "team-tourn"]
[EventCountry "SVK"]
[SourceTitle "playchess.com"]
[Source "ChessBase"]
[SourceQuality "1"]
[WhiteTeam "Komarno"]
[BlackTeam "Liptovska"]
[TimeControl "40/5400+30:1800+30"]

1. e4 e6 2. d4 d5 3. Nc3 Bb4 4. e5 b6 5. a3 Bf8 6. f4 Ne7 7. Be3 Qd7 8. Nf3 h5 9. b4 Nf5 10. Bf2 c6 11. Bd3 Ba6 12. O-O Be7 13. Ne2 Bxd3 14. Qxd3 a5 15. c3 g6 16. Ng5 b5 17. Ng3 $11 Bxg5 18. fxg5 Qe7 19. Nxf5 exf5 20. a4 axb4 21. axb5 Rxa1 22. Rxa1 bxc3 23. Qxc3 O-O 24. bxc6 Rc8 25. Ra8 Qc7 26. Qc5 Nxc6 27. Rxc8+ Qxc8 28. Qxd5 Nb4 29. Qb5 Qc1+ 30. Qf1 Qxg5 31. Qd1 Nd5 32. h4 Qg4 33. Qf3 Qe4 34. Qd1 Kf8 35. Qb3 Nf4 36. Qf3 Qxf3 37. gxf3 Ke7 38. Be3 Nd5 39. Kf2 Ke6 40. Ke2 Nb4 41. Bd2 Nc6 42. Kd3 Kd5 43. Be3 Nd8 44. Bg1 Ne6 45. Be3 f4 46. Bg1 g5 47. hxg5 Nxg5 48. Bh2 Ne6 49. Bg1 h4 50. Kc3 h3 51. Bh2 Nxd4 0-1